 Dungeon Crawl Stone Soup version 0.29-a0-275-g389c0b56f3 (webtiles) character file.

Game seed: 12775777294381153225

58 bande the Covered (level 4, -2/28 HPs)
             Began as a Gargoyle Fighter on Mar 10, 2022.
             Frozen to death by an endoplasm (5 damage)
             ... on level 2 of the Dungeon.
             The game lasted 00:01:25 (1333 turns).

bande the Covered (Gargoyle Fighter)                Turns: 1333, Time: 00:01:26

Health: -2/28      AC: 13    Str: 19    XL:     4   Next: 1%
Magic:  4/4        EV:  9    Int:  9    God:
Gold:   36         SH:  4    Dex: 11    Spells: 3/3 levels left

rFire   . . .      SeeInvis .   a - +0 war axe
rCold   . . .      Faith    .   c - +0 buckler
rNeg    + . .      Spirit   .   b - +0 scale mail
rPois   ∞          Reflect  .   (no helmet)
rElec   +          Harm     .   (no cloak)
rCorr   .          Rampage  .   i - +0 pair of gloves
Will    .....                   f - +0 pair of boots
Stlth   ..........              (no amulet)
HPRegen 0.09/turn               (no ring)
MPRegen 0.09/turn               (no ring)

@: no status effects
A: sickness immunity, AC +3, negative energy resistance 1, electricity
resistance, torment resistance 1, petrification resistance
a: no special abilities


You were on level 2 of the Dungeon.
You visited 1 branch of the dungeon, and saw 2 of its levels.

You collected 36 gold pieces.

Inventory:

Hand Weapons
 a - a +0 war axe (weapon)
Armour
 b - a +0 scale mail (worn)
 c - a +0 buckler (worn)
 f - a +0 pair of boots (worn)
 i - a +0 pair of gloves (worn)
Scrolls
 e - a scroll of summoning {unknown}
 g - 2 scrolls of vulnerability {unknown}
Potions
 d - a potion of might
 h - a potion of curing {unknown}


   Skills:
 + Level 3.6 Fighting
 + Level 2.6 Axes
 + Level 4.0 Armour
 + Level 3.6 Shields


You had 3 spell levels left.
You didn't know any spells.
Your spell library contained the following spells:

 Spells                   Type           Power      Damage    Failure   Level
 Corpse Rot               Necr/Air       0%         N/A       93%         2
 Poisonous Vapours        Pois/Air       0%         N/A       93%         2


Dungeon Overview and Level Annotations

Branches:
Dungeon (2/15)

Altars:

Shops:
D:1 [


Innate Abilities, Weirdness & Mutations

You are immune to sickness and miasma.
Your stone body is resilient. (AC +3)
You are immune to poison.
You resist negative energy. (rN+)
You are resistant to electric shocks. (rElec)
You are resistant to unholy torment.
You are immune to petrification.


Message History

The ball python bites you but does no damage.
The ball python constricts you. The adder bites you.
The ball python bites you but does no damage.
The ball python constricts you. You block the adder's attack.
The adder bites you.
You closely miss the adder.
The adder is heavily wounded.
You hit the adder. You hit the ball python.
You kill the ball python!
The adder bites you but does no damage. The adder completely misses you.
The adder bites you. The adder barely misses you.
Unknown command.
You slash the adder!
You kill the adder!
You hit the kobold. You closely miss the goblin. You barely miss the adder.
The goblin hits you but does no damage.
The kobold hits you with a +2 vampiric short sword.
* * * LOW HITPOINT WARNING * * *
You block the adder's attack. The goblin hits you but does no damage.
The kobold hits you but does no damage.
The endoplasm jiggles.
The endoplasm closely misses you. The adder barely misses you.
Your Armour skill increases to level 4!
You hit the endoplasm.
The endoplasm is almost dead.
You hit the adder.
You kill the adder!
You slash the goblin!
You kill the goblin!
You barely miss the kobold. The kobold completely misses you.
You block the endoplasm's attack.
You have reached level 4!
You feel clever.
You hit the endoplasm but do no damage.
The endoplasm is almost dead.
You miss the frilled lizard. You closely miss the kobold.
The frilled lizard misses you. The kobold hits you but does no damage.
The endoplasm freezes you.
You are frozen.
You die...

##.#..# #..$[..#
#.##.## # #.!##[.#
#.##..# #. #.?##?.
#.###.# #..#..... .#.#
#.# #.#.... .##.###.###
#.....###..#...##...#
#.#..lJK....##....###.#
#....)@...###...#...#.#
##......###.....###.#.#
###...........## #.#.#
#....######### #....
#....# ###.. #....# #..
#....# #.. #....# ##.
#.... ##


You could see an endoplasm, a kobold and a frilled lizard.

Vanquished Creatures
  2 adders (D:2)
  2 worms (D:2)
  2 dart slugs (D:1)
  3 ball pythons
  2 bats (D:1)
  An endoplasm (D:1)
  2 giant cockroaches
  4 goblins
  2 hobgoblins
  2 quokkas (D:2)
  3 kobolds (D:1)
  4 rats
29 creatures vanquished.

Notes
Turn   | Place    | Note
-------+----------+-------------------------------------------
     0 | D:1      | bande the Gargoyle Fighter began the quest for the Orb.
     0 | D:1      | Reached XP level 1. HP: 14/14 MP: 1/1
   500 | D:1      | Reached XP level 2. HP: 19/19 MP: 2/2
   906 | D:1      | Found Kushel's Armour Shop.
  1001 | D:1      | Reached XP level 3. HP: 23/23 MP: 3/3
  1332 | D:2      | Reached skill level 4 in Armour
  1333 | D:2      | Reached XP level 4. HP: 3/28 MP: 4/4
  1333 | D:2      | Frozen to death by an endoplasm

Illustrated notes

Levels and vault maps discovered:
D:1:      ncdulo_smallfort, layout_rooms, serial_shops,
          nicolae_shop_hallway_stairs, kennysheep_decorative_pillar
D:2:      kennysheep_six_static_rooms, layout_rooms,
          shapermc_ecumenical_altar_venn, minmay_randomly_rotated_circles

Skill      XL: |  1  2  3 |
---------------+----------+-----
Axes           | 2 |  2.6
Armour         | 4 |  4.0
Fighting       | |  3.6
Shields        | |  3.6

Action                   |  1- 3 |  4- 6 || total
-------------------------+-------+-------++-------
Melee: War axe           |    91 |     1 ||    92
Armor: Scale mail        |    49 |     1 ||    50
Dodge: Dodged            |    50 |     1 ||    51
Block: Buckler           |    26 |       ||    26

Table legend: (Time is in decaauts)
 A = Elapsed time spent in this place.
 B = Non-inter-level travel time spent in this place.
 C = Inter-level travel time spent in this place.
 D = Time resting spent in this place.
 E = Time spent auto-exploring this place.
 F = Levels seen in this place.
 G = Mean time per level.
                   A        B        C        D        E       F      G
               +--------+--------+--------+--------+--------+-----+--------+
         Total |   1373 |   1357 |     16 |    266 |    867 |   2 |  686.5 |
       Dungeon |   1373 |   1357 |     16 |    266 |    867 |   2 |  686.5 |
               +--------+--------+--------+--------+--------+-----+--------+

Top non-repeatable levels by time:
     D:1: 1104 daAuts
     D:2: 268 daAuts
